 Dungeon Crawl Stone Soup version 0.31-a0-408-gb642c7f9a3 (webtiles) character file.

Game seed: 14355612091317571407

19323 Shayle the Grappler (level 12, 0/92 HPs)
             Began as a Gnoll Shapeshifter on July 29, 2023.
             Was a Believer of Ashenzari.
             Succumbed to a cane toad's poison
             ... on level 1 of the Lair of Beasts.
             The game lasted 00:36:04 (13788 turns).

Shayle the Grappler (Gnoll Shapeshifter)           Turns: 13788, Time: 00:36:05

Health: 0/92       AC: 13    Str: 16    XL:     12   Next: 67%
Magic:  23/23      EV: 16    Int: 11    God:    Ashenzari [**....]
Gold:   735        SH:  0    Dex: 13    Spells: 20/26 levels left

rFire   . . .        l - +4 hand crossbow (elec)
rCold   + . .        (no shield)
rNeg    . . .        F - +1 troll leather armour
rPois   .            j - +2 helmet "Per Aspera Ad Scientiam" {Fort, Elem} (curse)
rElec   .            (no cloak)
rCorr   +            o - +0 pair of gloves of Cremastomancy {Dev, Cun} (curse)
SInv    +            (no boots)
Will    .....        u - amulet of Ashenzari's Shame {Acrobat, Melee, Alch} (curse)
Stlth   ++++         t - ring "Revealing Shame" {rC+, Comp, Bglg} (curse)
HPRegen 1.15/turn    L - ring of resist corrosion
MPRegen 0.18/turn

%: acrobat
@: lethally poisoned (0 -> -16)
A: fangs 1, strong nose, distributed training, iridescent scales 1
a: Renounce Religion, Curse Item, Shatter the Chains


You were on level 1 of the Lair of Beasts.
You worshipped Ashenzari.
Ashenzari was pleased with you.
You visited 3 branches of the dungeon, and saw 14 of its levels.

You collected 735 gold pieces.

Inventory:

Hand Weapons
 l - a +4 hand crossbow of electrocution (weapon)
 n - a +0 short sword of speed
 D - a +4 vampiric spear
 I - a +4 spear of freezing
 K - a +1 short sword of venom
Missiles
 h - 4 silver javelins
Armour
 a - a +0 animal skin
 j - the cursed +2 helmet "Per Aspera Ad Scientiam" (worn) {Fort, Elem}
   (You found it on level 5 of the Dungeon)

   It has a curse which improves the following skills: Fortitude: Armour and
   Shields.
   Elements:  Fire Magic, Ice Magic, Air Magic and Earth Magic.
 o - the cursed +0 pair of gloves of Cremastomancy (worn) {Dev, Cun}
   (You found it on level 2 of the Dungeon)

   It has a curse which improves the following skills: Devices: Evocations and
   Shapeshifting.
   Cunning:   Dodging and Stealth.
 A - a +2 scale mail of fire resistance
 E - +0 acid dragon scales
 F - a +1 troll leather armour (worn)
 G - +0 steam dragon scales
Jewellery
 t - the cursed ring "Revealing Shame" (left hand) {rC+, Comp, Bglg}
   (You found it on level 3 of the Dungeon)

   [ring of protection from cold]

   rC:        It protects you from cold.
   It has a curse which improves the following skills: Companions: Summonings
   and Necromancy.
   Beguiling: Conjurations, Hexes and Translocations.
 u - the cursed amulet of Ashenzari's Shame (around neck) {Acrobat, Melee, Alch}
   (You found it on level 4 of the Dungeon)

   [amulet of the acrobat]

   It increases your evasion while moving and waiting.
   It has a curse which improves the following skills: Melee Combat: Short
   Blades, Long Blades, Axes, Maces & Flails, Polearms, Staves and Unarmed
   Combat.
   Alchemy:   Poison Magic and Transmutations.
 L - a ring of resist corrosion (right hand)
Talismans
 c - a beast talisman
 B - a serpent talisman
Wands
 s - a wand of digging (6)
 z - a wand of mindburst (34)
 J - a wand of charming (7)
 M - a wand of flame (11)
Scrolls
 d - 3 scrolls of revelation
 f - 7 scrolls of teleportation
 k - 3 scrolls of amnesia
 m - 5 scrolls of poison
 q - 2 scrolls of immolation
 v - 2 scrolls of summoning
 y - a scroll of fear
 C - 9 scrolls of identify
Potions
 b - a potion of lignification
 e - 2 potions of mutation
 i - a potion of enlightenment
 p - 2 potions of resistance
 r - 2 potions of might
 w - a potion of attraction
 x - 3 potions of curing
 H - 2 potions of magic
Miscellaneous
 g - a phantom mirror


   Skills:
 + Level 8.1 Fighting
 + Level 7.6(8.8) Short Blades
 + Level 7.6(8.8) Long Blades
 + Level 7.6(8.8) Axes
 + Level 7.6(8.8) Maces & Flails
 + Level 7.6(8.8) Polearms
 + Level 7.6(8.8) Staves
 + Level 7.6 Ranged Weapons
 + Level 7.6 Throwing
 + Level 7.6(8.8) Armour
 + Level 9.0(10.2) Dodging
 + Level 7.6(8.8) Stealth
 + Level 7.6(8.8) Shields
 + Level 10.1(11.2) Unarmed Combat
 + Level 7.6 Spellcasting
 + Level 6.3(7.5) Conjurations
 + Level 6.3(7.5) Hexes
 + Level 6.3(7.5) Summonings
 + Level 6.3(7.5) Necromancy
 + Level 6.3(7.5) Translocations
 + Level 6.3(7.5) Transmutations
 + Level 6.3(7.5) Fire Magic
 + Level 6.3(7.5) Ice Magic
 + Level 6.3(7.5) Air Magic
 + Level 6.3(7.5) Earth Magic
 + Level 6.3(7.5) Poison Magic
 + Level 8.4 Invocations
 + Level 7.6(8.8) Evocations
 + Level 9.2(10.4) Shapeshifting


You had 20 spell levels left.
You knew the following spells:

 Your Spells              Type           Power      Damage    Failure   Level
a - Blink                 Tloc           40%        N/A       1%          2
b - Manifold Assault      Tloc           20%        N/A       9%          4

Your spell library contained the following spells:

 Spells                   Type           Power      Damage    Failure   Level
 Shock                    Conj/Air       80%        1d8       1%          1
 Swiftness                Air            20%        N/A       2%          3
 Airstrike                Air            10%        2d(2-18)  9%          4
 Cause Fear               Hex            10%        N/A       9%          4
 Summon Ice Beast         Ice/Summ       20%        N/A       9%          4
 Fireball                 Conj/Fire      10%        3d6       24%         5
 Summon Mana Viper        Hex/Summ       20%        N/A       24%         5
 Monstrous Menagerie      Summ           10%        N/A       100%        7
 Dragon's Call            Summ           10%        N/A       100%        9


Dungeon Overview and Level Annotations

Branches:
Dungeon (11/15)            Temple (1/1) D:5            Lair (2/5) D:11
  Swamp: Lair:2-3    Shoals: Lair:2-3     Snake: Lair:2-3    Spider: Lair:2-3
    Orc: D:9-12

Altars:
Ashenzari
Cheibriados
Dithmenos
Elyvilon
Fedhas
Gozag
Hepliaklqana
Kikubaaqudgha
Makhleb
Nemelex Xobeh
Okawaru
Qazlal
Ru
Sif Muna
Trog
Uskayaw
Vehumet
Wu Jian
Xom
Yredelemnul
Zin
The Shining One

Shops:
D:7 *

Annotations:
D:6 2 transporters, osoart's ghost, novice DjSh
D:7 1 runed translucent door, Crazy Yiuf


Innate Abilities, Weirdness & Mutations

You have very sharp teeth.
Your uncanny sense of smell can sniff out nearby items.
Your experience applies equally to all skills.
You are partially covered in iridescent scales. (AC +2)


Message History

The wolf completely misses you. The wolf attacks as you move away!
The wolf completely misses you. The wolf barely misses you.
The wolf attacks as you move away! The wolf misses you. The wolf bites you.
You shoot a bolt. The cane toad croaks.
The bolt hits the wolf!!
You kill the wolf!
The wolf closely misses you. The wolf bites you but does no damage.
You shoot a bolt. The bolt hits the wolf!
Lightning courses through the wolf!
You kill the wolf!
The cane toad stings you!
You are poisoned.
The cane toad poisons you!
You shoot a bolt. The bolt hits the cane toad.
The cane toad is lightly wounded.
You feel very sick. The cane toad stings you!
You shoot a bolt. The bolt hits the cane toad!!
The cane toad is heavily wounded.
You feel very sick.
The cane toad stings you but does no damage.
The cane toad completely misses you.
You shoot a bolt. The bolt hits the cane toad!
The cane toad is severely wounded.
You feel very sick. The cane toad closely misses you. x2
You shoot a bolt. The bolt hits the cane toad!
The cane toad is almost dead.
You feel sick. The cane toad misses you. The cane toad barely misses you.
You shoot a bolt. The bolt hits the cane toad.
The cane toad is almost dead.
You feel sick. The cane toad closely misses you. The cane toad stings you!
* * * LOW HITPOINT WARNING * * *
You are lethally poisoned!
The cane toad poisons you!
You shoot a bolt. The bolt hits the cane toad!!
Lightning courses through the cane toad!!
You kill the cane toad!
You die...

#.............................
##....#.......................
##....#....##.................
#.....##......#...............
#####(...##......................
#.###.....#......................
.................................
..#..............................
...#..####P.##..@#...............
##'##........#....############...
..............####..†# ##..
..8.#........#.....>.# #..
.#...#.....#.........## ####..
.......#.#.......#.#..######.#P..
.#...............#...............
...#....8.....#..................
............##...................


There were no monsters in sight!

Vanquished Creatures
  Gastronok (D:9)
  A centaur warrior (D:8)
  2 two-headed ogres
  A lindwurm (Lair:2)
  5 cane toads (Lair:1)
  A komodo dragon (Lair:1)
  A troll (D:10)
  A polar bear (Lair:1)
  A hornet (D:7)
  A jumping spider (Lair:2)
  A culicivora (Lair:2)
  A vampire (D:8)
  2 wraiths (D:11)
  2 shadows
  A wyvern (D:7)
  4 basilisks
  17 yaks
  3 steam dragons
  Menkaure (D:4)
  2 acid dragons
  12 water moccasins
  5 black bears
  5 orc warriors
  4 sky beasts
  4 ice beasts
  An ogre (D:6)
  14 centaurs
  7 wolves
  A phantom (D:5)
  4 kobold brigands
  4 bullfrogs
  2 gnoll sergeants
  6 scorpions
  9 wights
  7 killer bees
  A howler monkey (D:10)
  6 orc priests
  2 hounds (D:6)
  2 jellies
  A gnoll bouda (D:7)
  3 iguanas
  13 orc wizards
  14 gnolls
  6 adders
  3 white imps
  3 worms (D:2)
  3 dart slugs
  43 orcs
  7 bats
  5 endoplasms
  3 giant cockroaches
  9 goblins
  11 hobgoblins
  8 jackals
  14 kobolds
  3 quokkas
  7 ball pythons
  3 frilled lizards
  7 rats
311 creatures vanquished.

Vanquished Creatures (collateral kills)
  A two-headed ogre (D:10)
  A komodo dragon (Lair:1)
  2 tyrant leeches (Lair:2)
  A wolf (Lair:1)
  A wight (D:8)
6 creatures vanquished.

Vanquished Creatures (others)
  A cane toad (Lair:1)
  A killer bee (D:8)
  An orc (D:6)
3 creatures vanquished.

Grand Total: 320 creatures vanquished

Notes
Turn   | Place    | Note
-------+----------+-------------------------------------------
     0 | D:1      | Shayle the Gnoll Shapeshifter began the quest for the Orb.
     0 | D:1      | Reached XP level 1. HP: 17/17 MP: 1/1
   243 | D:1      | Reached XP level 2. HP: 21/23 MP: 2/2
   477 | D:1      | Found a faded altar of an unknown god.
   538 | D:1      | Reached XP level 3. HP: 28/28 MP: 3/3
  1004 | D:2      | Reached skill level 1 in Invocations
  1113 | D:2      | Reached skill level 1 in Short Blades
  1113 | D:2      | Reached skill level 1 in Long Blades
  1113 | D:2      | Reached skill level 1 in Axes
  1113 | D:2      | Reached skill level 1 in Maces & Flails
  1113 | D:2      | Reached skill level 1 in Polearms
  1113 | D:2      | Reached skill level 1 in Staves
  1113 | D:2      | Reached skill level 1 in Ranged Weapons
  1113 | D:2      | Reached skill level 1 in Throwing
  1113 | D:2      | Reached skill level 1 in Armour
  1113 | D:2      | Reached skill level 1 in Stealth
  1113 | D:2      | Reached skill level 1 in Shields
  1113 | D:2      | Reached skill level 1 in Spellcasting
  1113 | D:2      | Reached skill level 1 in Evocations
  1193 | D:2      | Reached XP level 4. HP: 34/34 MP: 5/5
  1922 | D:2      | Reached skill level 1 in Conjurations
  1922 | D:2      | Reached skill level 1 in Hexes
  1922 | D:2      | Reached skill level 1 in Summonings
  1922 | D:2      | Reached skill level 1 in Necromancy
  1922 | D:2      | Reached skill level 1 in Translocations
  1922 | D:2      | Reached skill level 1 in Transmutations
  1922 | D:2      | Reached skill level 1 in Fire Magic
  1922 | D:2      | Reached skill level 1 in Ice Magic
  1922 | D:2      | Reached skill level 1 in Air Magic
  1922 | D:2      | Reached skill level 1 in Earth Magic
  1922 | D:2      | Reached skill level 1 in Poison Magic
  2221 | D:3      | Reached XP level 5. HP: 28/40 MP: 5/7
  2766 | D:3      | Noticed a centaur
  2773 | D:3      | Killed a centaur
  2774 | D:3      | Reached XP level 6. HP: 24/47 MP: 8/8
  3166 | D:4      | Found an iron altar of Okawaru.
  3184 | D:4      | Reached skill level 5 in Dodging
  3309 | D:4      | Found a bloodstained altar of Trog.
  3437 | D:4      | Found a sparkling altar of Nemelex Xobeh.
  3781 | D:5      | Entered Level 5 of the Dungeon
  3781 | D:5      | Noticed Menkaure
  3905 | D:5      | Noticed a black bear
  3920 | D:5      | Killed a black bear
  3921 | D:5      | Reached skill level 7 in Unarmed Combat
  3921 | D:5      | Reached XP level 7. HP: 50/52 MP: 10/10
  4040 | D:5      | Found a staircase to the Ecumenical Temple.
  4206 | D:4      | Gained mutation: Potions are less effective at restoring
                  | your health. [potion of mutation]
  4206 | D:4      | Gained mutation: You are partially covered in iridescent
                  | scales. (AC +2) [potion of mutation]
  4206 | D:4      | Lost mutation: Potions are less effective at restoring your
                  | health. [potion of mutation]
  4216 | D:4      | Killed Menkaure
  4264 | Temple   | Entered the Ecumenical Temple
  4274 | Temple   | Became a worshipper of Ashenzari the Shackled
  4329 | D:5      | Reached XP level 8. HP: 60/60 MP: 12/12
  4519 | D:6      | You fall into a shaft and drop 3 floors!
  4652 | D:9      | Noticed Gastronok
  4825 | D:8      | Found a white marble altar of Elyvilon.
  4867 | D:8      | Noticed a centaur warrior
  5080 | D:7      | Found a shadowy altar of Dithmenos.
  5104 | D:7      | Reached XP level 9. HP: 47/66 MP: 14/14
  5123 | D:7      | Found Zin's Purification Station.
  5126 | D:7      | Found a glowing silver altar of Zin.
  5465 | D:6      | Noticed osoart's ghost (novice DjSh)
  5478 | D:6      | Found a transporter.
  5546 | D:6      | Reached skill level 5 in Fighting
  5868 | D:6      | Found a transporter.
  6171 | D:7      | Reached skill level 8 in Unarmed Combat
  6375 | D:7      | Reached skill level 5 in Invocations
  6375 | D:7      | Noticed a hornet
  6379 | D:7      | Paralysed by a hornet for 2 turns
  6387 | D:7      | Killed a hornet
  6583 | D:7      | Reached * piety under Ashenzari
  6583 | D:7      | Identified a scroll of acquirement
  6584 | D:7      | Acquired a +3 hand crossbow of electrocution
  6634 | D:7      | Noticed a two-headed ogre
  6671 | D:7      | Reached XP level 10. HP: 61/72 MP: 17/17
  6696 | D:7      | HP: 4/80 [two-headed ogre/+0 giant club (30)]
  6700 | D:7      | Reached skill level 5 in Short Blades
  6700 | D:7      | Reached skill level 5 in Long Blades
  6700 | D:7      | Reached skill level 5 in Axes
  6700 | D:7      | Reached skill level 5 in Maces & Flails
  6700 | D:7      | Reached skill level 5 in Polearms
  6700 | D:7      | Reached skill level 5 in Staves
  6700 | D:7      | Reached skill level 5 in Ranged Weapons
  6700 | D:7      | Reached skill level 5 in Throwing
  6700 | D:7      | Reached skill level 5 in Armour
  6700 | D:7      | Reached skill level 5 in Stealth
  6700 | D:7      | Reached skill level 5 in Shields
  6700 | D:7      | Reached skill level 5 in Spellcasting
  6700 | D:7      | Reached skill level 5 in Evocations
  6702 | D:7      | Killed a two-headed ogre
  7220 | D:7      | Found a runed translucent door.
  7221 | D:7      | Noticed Crazy Yiuf
  7849 | D:8      | Reached ** piety under Ashenzari
  8574 | D:8      | Reached XP level 11. HP: 71/83 MP: 19/19
  8630 | D:8      | Noticed a two-headed ogre
  8639 | D:8      | Killed a two-headed ogre
  8640 | D:8      | Reached skill level 9 in Unarmed Combat
  8640 | D:8      | Reached skill level 5 in Conjurations
  8640 | D:8      | Reached skill level 5 in Hexes
  8640 | D:8      | Reached skill level 5 in Summonings
  8640 | D:8      | Reached skill level 5 in Necromancy
  8640 | D:8      | Reached skill level 5 in Translocations
  8640 | D:8      | Reached skill level 5 in Transmutations
  8640 | D:8      | Reached skill level 5 in Fire Magic
  8640 | D:8      | Reached skill level 5 in Ice Magic
  8640 | D:8      | Reached skill level 5 in Air Magic
  8640 | D:8      | Reached skill level 5 in Earth Magic
  8640 | D:8      | Reached skill level 5 in Poison Magic
  8668 | D:8      | Killed a centaur warrior
  8916 | D:8      | Found a snail-covered altar of Cheibriados.
  9771 | D:10     | Entered Level 10 of the Dungeon
  9821 | D:10     | Noticed a two-headed ogre
  9832 | D:10     | HP: 2/83 [yak (3)]
  9833 | D:10     | Killed a two-headed ogre
 10217 | D:9      | Killed Gastronok
 10387 | D:9      | Found a hazy altar of Hepliaklqana.
 10623 | D:9      | Found a stormy altar of Qazlal.
 10998 | D:10     | Learned a level 2 spell: Blink
 11003 | D:10     | Learned a level 4 spell: Manifold Assault
 11440 | D:10     | Found an ornate altar of the Wu Jian Council.
 12072 | D:11     | Found a staircase to the Lair.
 12084 | D:11     | Noticed a two-headed ogre
 12129 | D:11     | Reached XP level 12. HP: 66/91 MP: 22/22
 12156 | Lair:1   | Entered Level 1 of the Lair of Beasts
 12358 | Lair:1   | Found a shimmering altar of Xom.
 12960 | Lair:1   | Reached skill level 10 in Unarmed Combat
 13788 | Lair:1   | Succumbed to a cane toad's poison

Illustrated notes

Levels and vault maps discovered:
D:1:      matt_arrival_spirals, layout_loops_corners,
          hellmonk_ecumenical_altar_pennies_from_heaven
D:2:      layout_basic
D:3:      layout_loops_ring, minmay_misc_feat_chi, minmay_surrounded
D:4:      layout_rooms, mainiacjoe_overflow_24_doors, lemuel_round_altar,
          mainiacjoe_overflow_brackets
D:5:      layout_cave_pools, temple_statues, kennysheep_cross_bottleneck,
          minmay_misc_feat_hallway, uniq_menkaure
D:6:      layout_basic, nicolae_ossuary_entry_false_entrances,
          gammafunk_ghost_gnarly_gnolls, st_stairs_8, serial_bayou_lagoon_a
D:7:      minmay_clustersquares, layout_basic, zin_purify,
          nicolae_dithmenos_the_darkroom, item_on_display_a,
          uniq_crazy_yiuf_cottage
D:8:      cheibrodos_fzero, layout_layer_cave, old_standard_altar,
          kennysheep_slug_shrine
D:9:      layout_irregular_city, mainiacjoe_overflow_six_doors_small,
          nicolae_hepliaklqana_hazy_memory, glass_columns_c, uniq_gastronok
D:10:     layout_basic, pdpol_wu_jian_five_deadly_venoms,
          hangedman_abyss_or_decor_lesser_grid, grunt_decor_cap
D:11:     layout_basic, due_lair_maze_entry_diamond
Temple:   hellmonk_temple_flake
Lair:1:   layout_gridlike, st_stairs_7, lemuel_centaur_altar, grunt_megastairs_4
Lair:2:   layout_small_grid, minmay_swamp_entry_worms,
          nicolae_spider_entry_tight_spaces

Skill      XL: |  1  2  3  4  5  6  7  8  9 10 11 12 |
---------------+-------------------------------------+-----
Invocations    | 1 2 3 4 5 6 7 8 |  8.4
Short Blades   | 1 2 3 4 5 6 7 |  7.6
Long Blades    | 1 2 3 4 5 6 7 |  7.6
Axes           | 1 2 3 4 5 6 7 |  7.6
Maces & Flails | 1 2 3 4 5 6 7 |  7.6
Polearms       | 1 2 3 4 5 6 7 |  7.6
Staves         | 1 2 3 4 5 6 7 |  7.6
Ranged Weapons | 1 2 3 4 5 6 7 |  7.6
Throwing       | 1 2 3 4 5 6 7 |  7.6
Armour         | 1 2 3 4 5 6 7 |  7.6
Stealth        | 1 2 3 4 5 6 7 |  7.6
Shields        | 1 2 3 4 5 6 7 |  7.6
Spellcasting   | 1 2 3 4 5 6 7 |  7.6
Evocations     | 1 2 3 4 5 6 7 |  7.6
Conjurations   | 1 2 3 4 5 6 |  6.3
Hexes          | 1 2 3 4 5 6 |  6.3
Summonings     | 1 2 3 4 5 6 |  6.3
Necromancy     | 1 2 3 4 5 6 |  6.3
Translocations | 1 2 3 4 5 6 |  6.3
Transmutations | 1 2 3 4 5 6 |  6.3
Fire Magic     | 1 2 3 4 5 6 |  6.3
Ice Magic      | 1 2 3 4 5 6 |  6.3
Air Magic      | 1 2 3 4 5 6 |  6.3
Earth Magic    | 1 2 3 4 5 6 |  6.3
Poison Magic   | 1 2 3 4 5 6 |  6.3
Fighting       | 3 4 5 6 7 8 |  8.1
Dodging        | 5 6 7 8 9 |  9.0
Unarmed Combat | 7 8 9 10 | 10.1
Shapeshifting  | 7 8 9 |  9.2

Action                     |  1- 3 |  4- 6 |  7- 9 | 10-12 || total
---------------------------+-------+-------+-------+-------++-------
  Melee: Unarmed           |    78 |   135 |   230 |   464 ||   907
         Bite              |     5 |     7 |     8 |    62 ||    82
         Punch             |       |     1 |     6 |    43 ||    50
         Constrict         |       |       |    32 |     9 ||    41
         Spear             |       |       |       |    30 ||    30
   Fire: Hand crossbow     |       |       |       |   185 ||   185
   Cast: Blink             |       |       |       |     1 ||     1
 Invoke: Curse Item        |       |       |     2 |     2 ||     4
Ability: Begin Untransform |       |       |       |     1 ||     1
  Evoke: Wand              |       |       |     5 |    28 ||    33
         Phantom mirror    |       |       |       |     1 ||     1
    Use: Potion            |       |       |     6 |     2 ||     8
         Scroll            |       |       |    10 |     6 ||    16
   Stab: Sleeping          |     1 |     3 |     3 |     6 ||    13
 Armour: Animal skin       |    10 |    11 |       |       ||    21
         Ring mail         |       |     3 |    20 |   138 ||   161
         Skin              |       |       |    52 |    10 ||    62
         Troll leather arm |       |       |       |    84 ||    84
  Dodge: Dodged            |    37 |    76 |   129 |   554 ||   796
   Form: Anaconda          |       |       |     1 |       ||     1

Table legend: (Time is in decaauts)
 A = Elapsed time spent in this place.
 B = Non-inter-level travel time spent in this place.
 C = Inter-level travel time spent in this place.
 D = Time resting spent in this place.
 E = Time spent auto-exploring this place.
 F = Levels seen in this place.
 G = Mean time per level.
                   A        B        C        D        E       F      G
               +--------+--------+--------+--------+--------+-----+--------+
         Total |  13774 |  13349 |    425 |   2613 |   7125 |  14 |  983.9 |
       Dungeon |  12011 |  11608 |    403 |   2411 |   6318 |  11 | 1091.9 |
        Temple |     20 |     20 |      0 |      0 |      0 |   1 |   20.0 |
          Lair |   1742 |   1720 |     22 |    202 |    807 |   2 |  871.0 |
               +--------+--------+--------+--------+--------+-----+--------+

Top non-repeatable levels by time:
     D:8: 2454 daAuts
     D:7: 1508 daAuts
  Lair:1: 1184 daAuts
    D:10: 1131 daAuts
     D:1: 1009 daAuts
     D:6: 989 daAuts
     D:9: 980 daAuts
     D:2: 945 daAuts
     D:3: 944 daAuts
     D:4: 934 daAuts
     D:5: 647 daAuts
  Lair:2: 558 daAuts
    D:11: 466 daAuts
  Temple: 20 daAuts
